 Dungeon Crawl Stone Soup version 0.20-b1 (webtiles) character file.

917 Gorice the Zephyrmancer (level 8, -1/41 HPs)
             Began as a Tengu Air Elementalist on May 19, 2017.
             Was an Initiate of Sif Muna.
             Slain by an iguana (12 damage)
             ... on level 5 of the Dungeon.
             The game lasted 00:25:34 (6509 turns).

Gorice the Zephyrmancer (Tengu Air Elementalist)    Turns: 6509, Time: 00:25:35

Health: -1/41      AC:  7    Str: 16    XL:     8   Next: 9%
Magic:  6/14       EV: 12    Int: 19    God:    Sif Muna [......]
Gold:   252        SH:  0    Dex: 14    Spells: 3/13 levels left

rFire    . . .     SeeInvis .   a - +5 short sword
rCold    + . .     Gourm    .   (no shield)
rNeg     . . .     Faith    .   h - +2 leather armour {rC+}
rPois    .         Spirit   .   (helmet restricted)
rElec    .         Reflect  .   (no cloak)
rCorr    .         Harm     .   q - +1 pair of gloves
MR       +....                  (boots unavailable)
Stlth    ++........             (no amulet)
Regen    0.2/turn               g - ring of protection from magic
MPRegen  0.2/turn               o - +3 ring of strength

@: mighty, starving
A: beak, talons 3, able to fly 1
a: Fly, Renounce Religion


You were on level 5 of the Dungeon.
You worshipped Sif Muna.
Sif Muna was noncommittal.
You were starving.

You visited 2 branches of the dungeon, and saw 6 of its levels.
You also visited: Sewer.

You collected 252 gold pieces.

Inventory:

Hand Weapons
 a - a +5 short sword (weapon)
 B - a +0 blowgun
Missiles
 w - 2 poisoned needles
 y - 4 tomahawks (quivered)
 Z - 194 stones
Armour
 h - a +2 leather armour of cold resistance (worn)
   (You took it off Edmund on level 4 of the Dungeon)
 l - a +0 ring mail
 n - a +0 robe
 q - a +1 pair of gloves (worn)
Jewellery
 g - a ring of protection from magic (left hand)
 o - a +3 ring of strength (right hand)
 D - an uncursed amulet of guardian spirit
Wands
 z - a wand of lightning (1/15)
Scrolls
 s - 3 scrolls of remove curse
 v - a scroll of recharging
 C - a scroll of fog {unknown}
Potions
 d - 3 potions of heal wounds {unknown}
 e - 3 potions of curing
 i - a potion of ambrosia {unknown}
 k - a potion of brilliance {unknown}
 m - a potion of flight {unknown}
 p - 2 potions of might {!q}
 t - 2 potions of mutation {unknown}
 u - a potion of cancellation {unknown}
 x - a potion of magic {unknown}
 A - a potion of invisibility {unknown}
Books
 b - a book of Air
 r - a book of Misfortune
Comestibles
 c - 3 bread rations {!e}
 f - 2 meat rations {!e}
 j - 2 royal jellies


   Skills:
 - Level 2.1 Dodging
 - Level 2.0 Stealth
 + Level 3.3 Spellcasting
 + Level 8.2 Conjurations
 + Level 8.4 Air Magic


You had 3 spell levels left.
You knew the following spells:

 Your Spells              Type           Power        Failure   Level  Hunger
a - Shock                 Conj/Air       ####         1%          1    None
b - Static Discharge      Conj/Air       ####....     1%          3    ###....
c - Airstrike             Air            #####.....   5%          4    ####...
S - Swiftness             Chrm/Air       ###.....     4%          2    ##.....


Dungeon Overview and Level Annotations

Branches:
Dungeon (5/15)             Temple (1/1) D:5

Altars:
Elyvilon
Fedhas
Hepliaklqana
Kikubaaqudgha
Makhleb
Nemelex Xobeh
Okawaru
Qazlal
Ru
Sif Muna
Trog
Uskayaw
Vehumet
Xom
Yredelemnul
Zin
The Shining One

Annotations:
D:3 Sigmund


Innate Abilities, Weirdness & Mutations

You have a beak for a mouth.
You have claws for feet.
You can fly.


Message History

The iguana is severely wounded.
You are starving!
The iguana bites you but does no damage.
You hit the iguana but do no damage.
The iguana is severely wounded.
The iguana bites you.
Damage: 2 (max 2)
You barely miss the iguana. You claw the iguana.
The iguana is almost dead.
The iguana closely misses you.
You hit the iguana but do no damage. You claw the iguana, but do no damage.
The iguana is almost dead.
The iguana bites you!
Damage: 8 (max 8)
You hit the iguana. Your kick misses the iguana.
The iguana is almost dead.
The iguana bites you!
* * * LOW HITPOINT WARNING * * *
The iguana misses you.
Damage: 8 (max 8)
You don't have the energy to cast that spell.
You barely miss the iguana. Your kick misses the iguana.
The iguana is almost dead.
The iguana bites you!
* * * LOW HITPOINT WARNING * * *
Damage: 7 (max 8) Unknown command.
You feel better.
The iguana bites you but does no damage.
You barely miss the iguana.
The iguana is almost dead.
The iguana bites you!
* * * LOW HITPOINT WARNING * * *
Damage: 13 (max 13) Unknown command.
You feel better. The iguana bites you!
* * * LOW HITPOINT WARNING * * *
Really quaff
p - 3 potions of might {!q}? [Y]es or [N]o only, please.
Really quaff
p - 3 potions of might {!q}?
You feel very mighty all of a sudden. The iguana barely misses you.
Unknown command.
You hit the iguana.
The iguana is almost dead.
The iguana closely misses you.
You hit the iguana but do no damage.
The iguana is almost dead.
The iguana bites you!
You die...

..#.# #.# #.....[..#..#
###.####.# #.......#...#
#.....##.###......#..#.#
...#####.#.......#..#..#.....
...## #<#.####.##.....#.#...#
....# #.#.#############.....#
)...####.........#.#....#....#
..........#.####.#.#..#..#..
..............#.@#.##.....#
.......##[#####l##..#.....##.#
.............).[....#........#
...#########'####.....#.######
#### #.......#..####.#
#...♣...#..##.#.# ###
#..♣.♣..#...#.#.#### .... #.♣
♣.♣.#..........# #### #.
♣..#.....#.#.###


You could see an iguana.

Vanquished Creatures
  Edmund (D:4)
  A phantom (D:5)
  An ogre (D:5)
  A centaur (D:4)
  The ghost of murphy the Digger, an amateur DEEE (D:4)
  The ghost of murphy the Digger, an amateur DEEE (Sewer)
  A bullfrog zombie (D:5)
  2 orc priests (D:4)
  A hound (D:4)
  3 worker ants
  8 adders
  3 gnolls
  An adder skeleton (D:4)
  3 worms
  2 dart slugs
  2 leopard geckos
  11 orcs
  4 ball pythons
  6 giant cockroaches
  7 goblins
  7 hobgoblins
  11 jackals
  A ball python skeleton (D:5)
  9 bats
  10 frilled lizards
  9 kobolds
  A leopard gecko skeleton (D:4)
  5 rats
  6 plants (Sewer)
119 creatures vanquished.

Vanquished Creatures (others)
  4 toadstools (D:3)
4 creatures vanquished.

Grand Total: 123 creatures vanquished

Notes
Turn   | Place    | Note
-------+----------+-------------------------------------------
     0 | D:1      | Gorice the Tengu Air Elementalist began the quest for the Orb.
     0 | D:1      | Reached XP level 1. HP: 10/10 MP: 4/4
    64 | D:1      | Reached skill level 2 in Conjurations
   137 | D:1      | Reached XP level 2. HP: 13/15 MP: 0/6
   932 | D:1      | Reached skill level 3 in Conjurations
   961 | D:1      | Reached XP level 3. HP: 17/19 MP: 0/7
  2244 | D:3      | Noticed Sigmund
  2405 | D:3      | Found a glowing silver altar of Zin.
  2408 | D:3      | Reached skill level 5 in Air Magic
  2411 | D:3      | Reached XP level 4. HP: 23/24 MP: 6/8
  2428 | D:3      | Reached skill level 4 in Conjurations
  2641 | D:3      | Reached skill level 5 in Conjurations
  2641 | D:3      | Gained mutation: You can fly. [Tengu growth]
  2641 | D:3      | Reached XP level 5. HP: 26/28 MP: 0/9
  2781 | D:3      | Found a glowing drain.
  2808 | Sewer    | Entered a sewer
  2879 | Sewer    | Learned a level 3 spell: Static Discharge
  2882 | Sewer    | Learned a level 2 spell: Swiftness
  2896 | Sewer    | Noticed murphy's ghost (amateur DEEE)
  2917 | Sewer    | HP: 5/28 [murphy's ghost/stone arrow (10)]
  2921 | Sewer    | Killed murphy's ghost
  3094 | Sewer    | Reached skill level 6 in Air Magic
  3363 | Sewer    | Reached skill level 6 in Conjurations
  3415 | Sewer    | Reached XP level 6. HP: 32/32 MP: 5/10
  4616 | D:4      | Noticed Edmund
  4652 | D:4      | HP: 9/32 [Edmund/flail of crushing (1)]
  4657 | D:4      | HP: 9/48 [Edmund/flail of crushing (5)]
  4658 | D:4      | Killed Edmund
  4658 | D:4      | Reached skill level 7 in Conjurations
  4658 | D:4      | Reached skill level 7 in Air Magic
  4658 | D:4      | Reached XP level 7. HP: 9/36 MP: 1/11
  4714 | D:4      | Learned a level 4 spell: Airstrike
  5140 | D:4      | Noticed murphy's ghost (amateur DEEE)
  5159 | D:4      | Killed murphy's ghost
  5612 | D:5      | Entered Level 5 of the Dungeon
  5795 | D:5      | Reached skill level 8 in Air Magic
  5826 | D:5      | Reached skill level 8 in Conjurations
  5938 | D:5      | Reached skill level 3 in Spellcasting
  6092 | D:5      | Found a staircase to the Ecumenical Temple.
  6106 | Temple   | Entered the Ecumenical Temple
  6206 | Temple   | Became a worshipper of Sif Muna the Loreminder
  6303 | D:5      | Reached XP level 8. HP: 39/41 MP: 0/13
  6503 | D:5      | HP: 11/41 [iguana (7)]
  6509 | D:5      | Slain by an iguana

Skill      XL: |  1  2  3  4  5  6  7 |
---------------+----------------------+-----
Conjurations   | 2 3 5 6 7 8 |  8.2
Air Magic      | 5 6 7 8 |  8.4
Spellcasting   | 3 |  3.3
Dodging        | |  2.1
Stealth        | |  2.0

Action                   |  1- 3 |  4- 6 |  7- 9 || total
-------------------------+-------+-------+-------++-------
Melee: Unarmed           |    10 |       |       ||    10
       Kick              |     3 |    88 |     3 ||    94
       Peck              |     1 |    63 |     2 ||    66
       Short sword       |     2 |   188 |    19 ||   209
 Cast: Shock             |    92 |    99 |    51 ||   242
       Static Discharge  |       |     3 |       ||     3
       Swiftness         |       |     1 |       ||     1
       Airstrike         |       |       |    10 ||    10
 Abil: Fly               |       |     1 |       ||     1
  Use: Scroll            |     6 |     3 |       ||     9
       Potion            |       |     4 |     4 ||     8
 Stab: Sleeping          |     1 |       |       ||     1
  Eat: Chunk             |     6 |     8 |     6 ||    20
       Royal jelly       |       |     1 |       ||     1
Armor: Robe              |    14 |     8 |       ||    22
       Leather armour    |       |       |    10 ||    10
Dodge: Dodged            |    20 |    36 |    19 ||    75

Table legend:
 A = Turns spent in this place as a percentage of turns spent in the entire game.
 B = Non-inter-level travel turns spent in this place as a percentage of non-inter-level travel turns spent in the entire game.
 C = Inter-level travel turns spent in this place as a percentage of turns spent in this place.
 D = Turns resting spent in this place as a percentage of non-inter-level travel turns spent in this place.
 E = Turns spent auto-exploring this place as a percentage of non-inter-level travel turns spent in this place.
 F = Non-inter-level travel turns spent in this place divided by the number of levels of this place that you've seen.
                   A       B       C       D       E      F
               +-------+-------+-------+-------+-------+----------------------
         Total | 100.0 | 100.0 |   0.5 |   4.4 |   7.3 | 276.6
       Dungeon |  72.6 |  72.6 |   0.5 |   5.5 |   8.0 | 281.2
        Temple |   1.2 |   1.1 |   8.3 |   0.0 |  77.3 |  22.0
         Sewer |  26.1 |  26.2 |   0.0 |   1.6 |   2.4 | 508.0
               +-------+-------+-------+-------+-------+----------------------

Vault maps used:
D:1:      eino_arrival_druids_welcome
D:2:      first_bread
D:3:      cheibrodos_fertilizer, lemuel_crystal_altar,
          cheibrodos_sewer_entry_bend, uniq_robin, uniq_sigmund, uniq_natasha
D:4:      uniq_edmund
D:5:      minmay_temple_entry_statues_pillars,
          hangedman_abyss_or_decor_jellyfish_corner, kennysheep_generic_room_10
Temple:   compressed_dpeg_circular_temple
Sewer:    sewer_co_scattered_pipes
